 Dungeon Crawl Stone Soup version 0.23.2 (webtiles) character file.

Game seed: 5131190857681701460

2736 sagitran the Cleaver (level 9, -8/86 HPs)
             Began as a Hill Orc Monk on Apr 9, 2019.
             Was a Priest of Beogh.
             Mangled by a two-headed ogre
             ... wielding a +0 giant spiked club
              (31 damage)
             ... on level 8 of the Dungeon.
             The game lasted 00:34:09 (7550 turns).

sagitran the Cleaver (Hill Orc Monk)                Turns: 7550, Time: 00:34:10

Health: -8/86      AC: 13    Str: 17    XL:     9   Next: 67%
Magic:  7/10       EV: 13    Int: 10    God:    Beogh [***...]
Gold:   510        SH:  0    Dex: 16    Spells: 8/8 levels left

rFire    + . .     SeeInvis .   D - +0 broad axe
rCold    x . .     Gourm    .   (no shield)
rNeg     . . .     Faith    .   n - +0 ring mail
rPois    .         Spirit   .   s - +2 helmet
rElec    .         Reflect  .   Q - +0 cloak
rCorr    .         Harm     .   u - +1 pair of gloves
MR       .....     Rnd*Tele +   (no boots)
Stlth    ++........             (no amulet)
HPRegen  0.24/turn              e - +3 ring of dexterity
MPRegen  0.12/turn              l - ring of fire

@: no status effects
A: blink, robust 1, teleportitis 1, wild magic 1, evolution 1
a: Blink, Smiting, Renounce Religion


You were on level 8 of the Dungeon.
You worshipped Beogh.
Beogh was most pleased with you.
You were not hungry.

You visited 2 branches of the dungeon, and saw 10 of its levels.

You collected 510 gold pieces.

Inventory:

Hand Weapons
 a - a +0 hand axe
 D - a +0 broad axe (weapon)
 F - the cursed +3 fustibalus of Tulaext {velocity, rF+ Str-2 SInv}
   (You found it on level 6 of the Dungeon)

   Any stone fired from it inflicts extra damage.
   It affects your strength (-2).
   It protects you from fire.
   It lets you see invisible.
   It has a curse placed upon it.
 P - a +1 short sword of venom
Missiles
 i - 10 tomahawks (quivered)
Armour
 n - a +0 ring mail (worn)
 s - a +2 helmet (worn)
 u - a +1 pair of gloves (worn)
 Q - a +0 cloak (worn)
Jewellery
 b - an uncursed ring of magical power {unknown}
 e - a +3 ring of dexterity (left hand)
 l - a ring of fire (right hand)
 G - an uncursed ring of poison resistance
 I - an uncursed ring of protection from magic
Wands
 f - a wand of polymorph (12)
 t - a wand of disintegration (7)
 E - a wand of paralysis (4)
 K - a wand of random effects (22)
 M - a wand of acid (4)
Scrolls
 d - 6 scrolls of remove curse
 h - 5 scrolls of amnesia {unknown}
 k - 3 scrolls of magic mapping
 m - 2 scrolls of fear {unknown}
 o - 2 scrolls of fog {unknown}
 r - 2 scrolls of blinking {unknown}
 v - 7 scrolls of teleportation {unknown}
 w - a scroll of random uselessness {unknown}
 x - 3 scrolls of immolation {unknown}
 y - a scroll of enchant armour {unknown}
Potions
 g - 3 potions of brilliance
 p - a potion of curing
 q - 4 potions of mutation
 z - a potion of cancellation {unknown}
 A - 2 potions of haste {unknown}
 B - a potion of degeneration {unknown}
 C - a potion of berserk rage {unknown}
 H - 2 potions of agility {unknown}
 J - a potion of ambrosia {unknown}
 N - a potion of flight
Comestibles
 c - 10 rations
 O - 3 chunks of flesh


   Skills:
 + Level 7.4 Fighting
 + Level 11.5 Axes
 + Level 6.0 Armour
 + Level 4.7 Dodging
 + Level 2.8 Stealth
 + Level 1.9 Invocations


You had 8 spell levels left.
You didn't know any spells.
Your spell library contained the following spells:

 Spells                   Type           Power        Failure   Level  Hunger
 Beastly Appendage        Tmut           #.....       63%         1    ##.....
 Confusing Touch          Hex            #.....       63%         1    ##.....
 Sticks to Snakes         Tmut           #.......     75%         2    ###....
 Confuse                  Hex            #.......     92%         3    ####...
 Gell's Gravitas          Tloc           #.........   92%         3    ####...
 Spider Form              Tmut/Pois      #.........   92%         3    ####...
 Ice Form                 Ice/Tmut       #.......     100%        4    #####..
 Petrify                  Tmut/Erth      #.......     100%        4    #####..
 Blade Hands              Tmut           #.........   100%        5    ######.
 Metabolic Englaciation   Hex/Ice        #.........   100%        5    ######.
 Yara's Violent Unravell  Hex/Tmut       #.........   100%        5    ######.


Dungeon Overview and Level Annotations

Branches:
Dungeon (9/15)             Temple (0/1) D:4            Lair (1/6) D:8
    Orc: D:9-12

Altars:
Qazlal
Ru
The Shining One

Shops:
D:6 [   D:7 (


Innate Abilities, Weirdness & Mutations

You can translocate small distances at will.
You are robust. (+10% HP)
You are occasionally teleported next to monsters.
Your spells are a little harder to cast, but a little more powerful.
You evolve.


Message History

The two-headed ogre completely misses you.
The two-headed ogre hits you with a +0 dire flail!
You climb upwards.
There is a stone staircase leading down here.
You slash the two-headed ogre!
The two-headed ogre is lightly wounded.
You hit the two-headed ogre.
The two-headed ogre is moderately wounded.
The two-headed ogre hits you with a +0 giant spiked club!
The two-headed ogre hits you with a +0 dire flail!
* * * LOW HITPOINT WARNING * * *
Your orc warrior barely misses the two-headed ogre.
Your orc hits the two-headed ogre but does no damage.
Aiming: Smiting
Press: ? - help, Dir - move target cursor, f - two-headed ogre Smite: a two-headed ogre, wielding a +0 giant spiked club and a +0 dire flail (moderately wounded)
You smite the two-headed ogre!
The two-headed ogre is heavily wounded.
The two-headed ogre hits you with a +0 giant spiked club!!
You die...

##.o## ######...
###o## #.....#.. ##.##
####........
##o####........#..
##..............o
####...........###
###..##.............
###......#............
#....@....#...........
##..Oo.....##.........
#...o......#........#
#...........#......##
#...........##.(..###
#...........###......
#............###.....
#............# #.#...
##..........## #.....


You could see a two-headed ogre, a friendly orc warrior and a friendly orc.

Vanquished Creatures
  A hornet (D:8)
  Sigmund (D:5)
  A wyvern (D:8)
  A wraith (D:7)
  A porcupine (D:8)
  An ice beast (D:5)
  A phantom (D:8)
  A centaur (D:8)
  4 bullfrogs
  A scorpion (D:6)
  5 killer bees (D:7)
  A howler monkey (D:5)
  A crimson imp (D:6)
  2 centaur zombies
  A quasit (D:7)
  2 hounds
  3 orc priests
  2 orc wizards (D:7)
  3 bullfrog skeletons
  Natasha (twice) (D:4)
  An iguana (D:7)
  5 worker ants
  A hound zombie (D:5)
  A hound skeleton (D:4)
  15 adders
  4 gnolls (D:5)
  3 shadow imps
  4 oozes
  An adder zombie (D:7)
  An adder skeleton (D:4)
  A worm (D:2)
  A dart slug (D:1)
  3 leopard geckos
  14 orcs
  5 giant cockroaches
  3 goblins
  4 hobgoblins
  2 jackals (D:7)
  6 kobolds
  5 quokkas
  8 ball pythons
  7 bats
  6 frilled lizards
  A jackal skeleton (D:7)
  A quokka zombie (D:7)
  11 rats
  A fungus (D:8)
150 creatures vanquished.

Vanquished Creatures (collateral kills)
  A porcupine (D:8)
  An orc warrior (D:8)
  A water moccasin (D:8)
  A crocodile (D:8)
  A hound (D:8)
  A worker ant zombie (D:8)
  2 orcs
8 creatures vanquished.

Vanquished Creatures (others)
  An orc priest (D:8)
  4 orcs
5 creatures vanquished.

Grand Total: 163 creatures vanquished

Notes
Turn   | Place    | Note
-------+----------+-------------------------------------------
     0 | D:1      | sagitran the Hill Orc Monk began the quest for the Orb.
     0 | D:1      | Reached XP level 1. HP: 19/19 MP: 1/1
    77 | D:1      | Reached XP level 2. HP: 16/27 MP: 2/2
   330 | D:1      | Reached XP level 3. HP: 19/33 MP: 3/3
   870 | D:2      | Reached skill level 5 in Axes
   912 | D:2      | Reached XP level 4. HP: 29/40 MP: 4/4
  1315 | D:2      | Reached XP level 5. HP: 29/46 MP: 5/5
  1373 | D:2      | Reached skill level 1 in Armour
  1605 | D:2      | Found a faded altar of an unknown god.
  2213 | D:3      | Became a worshipper of Beogh the Brigand
  2213 | D:3      | Reached * piety under Beogh
  2213 | D:3      | Reached ** piety under Beogh
  2576 | D:4      | Reached skill level 6 in Axes
  2605 | D:4      | Found a staircase to the Ecumenical Temple.
  2639 | D:4      | Reached XP level 6. HP: 16/53 MP: 6/6
  2999 | D:4      | Noticed Natasha
  3004 | D:4      | Killed Natasha
  3213 | D:4      | Gained mutation: You can translocate small distances at
                  | will. [potion of mutation]
  3213 | D:4      | Gained mutation: You evolve. [potion of mutation]
  3213 | D:4      | Gained mutation: Your spells are a little harder to cast,
                  | but a little more powerful. [potion of mutation]
  3338 | D:4      | Noticed Natasha
  3346 | D:4      | Killed Natasha
  3427 | D:5      | Entered Level 5 of the Dungeon
  3463 | D:5      | Noticed an ice beast
  3470 | D:5      | Killed an ice beast
  3470 | D:5      | Reached skill level 7 in Axes
  3470 | D:5      | Reached XP level 7. HP: 36/60 MP: 0/7
  3543 | D:5      | Reached skill level 5 in Fighting
  4000 | D:5      | Noticed Sigmund
  4035 | D:5      | Killed Sigmund
  4035 | D:5      | Reached skill level 8 in Axes
  4035 | D:5      | Reached skill level 1 in Invocations
  4665 | D:5      | Reached XP level 8. HP: 68/69 MP: 8/8
  4844 | D:6      | Found a sacrificial altar of Ru.
  4890 | D:6      | Got a transparent fustibalus
  4916 | D:6      | Identified the cursed +3 fustibalus of Tulaext {velocity,
                  | rF+ Str-2 SInv} (You found it on level 6 of the Dungeon)
  4965 | D:6      | Gained mutation: You are robust. (+10% HP) [evolution]
  5128 | D:6      | Found Atowef's Armour Shoppe.
  5381 | D:6      | Reached skill level 9 in Axes
  5707 | D:7      | Gained mutation: You are occasionally teleported next to
                  | monsters. [evolution]
  5809 | D:8      | Noticed a wraith
  6193 | D:7      | Reached skill level 5 in Armour
  6207 | D:7      | Reached *** piety under Beogh
  6276 | D:7      | Reached skill level 10 in Axes
  6301 | D:7      | Found a glowing golden altar of the Shining One.
  6370 | D:7      | Reached XP level 9. HP: 55/85 MP: 10/10
  6442 | D:7      | Found Esesasirgh's Antique Weapon Shoppe.
  6818 | D:8      | Found a stormy altar of Qazlal.
  6902 | D:8      | Reached skill level 11 in Axes
  6906 | D:8      | Found a staircase to the Lair.
  6918 | Lair:1   | Entered Level 1 of the Lair of Beasts
  7240 | D:8      | Found a sacrificial altar of Ru.
  7276 | D:8      | Noticed a hornet
  7279 | D:8      | Paralysed by a hornet for 3 turns
  7282 | D:8      | Killed a hornet
  7337 | D:8      | Noticed Maurice
  7359 | D:8      | Noticed Maurice
  7363 | D:8      | Killed Maurice the water moccasin
  7524 | D:9      | Noticed a two-headed ogre
  7550 | D:8      | Mangled by a two-headed ogre

Skill      XL: |  1  2  3  4  5  6  7  8  9 |
---------------+----------------------------+-----
Fighting       | 4 5 6 7 |  7.4
Dodging        | 3 4 |  4.7
Axes           | 5 6 7 8 10 11 | 11.5
Stealth        | 2 |  2.8
Armour         | 2 3 4 5 6 |  6.0
Invocations    | 1 |  1.9

Action                   |  1- 3 |  4- 6 |  7- 9 || total
-------------------------+-------+-------+-------++-------
Melee: Hand axe          |   121 |   246 |    90 ||   457
       Broad axe         |       |       |   223 ||   223
Invok: Convert to Beogh  |       |     1 |       ||     1
       Smiting           |       |     2 |     6 ||     8
 Abil: Blink             |       |       |     2 ||     2
Evoke: Wand              |       |       |     5 ||     5
  Use: Potion            |       |     3 |     7 ||    10
       Scroll            |       |     7 |     5 ||    12
 Stab: Sleeping          |     5 |     2 |     2 ||     9
       Distracted        |       |       |     1 ||     1
  Eat: Chunk             |       |     5 |     7 ||    12
       Ration            |       |     1 |     2 ||     3
Armor: Robe              |    20 |       |       ||    20
       Ring mail         |    18 |    81 |   148 ||   247
       Skin              |       |       |     7 ||     7
Dodge: Dodged            |   109 |   151 |   265 ||   525
